 Dungeon Crawl Stone Soup version 0.19.5 (webtiles) character file.

112 tricornhat the Cudgeler (level 4, -7/37 HPs)
             Began as a Demonspawn Berserker on Mar 11, 2017.
             Was a Believer of Trog.
             Killed from afar by a white imp (8 damage)
             ... with a puff of frost
             ... summoned by Natasha
             ... on level 2 of the Dungeon.
             The game lasted 00:07:36 (1224 turns).

tricornhat the Cudgeler (Demonspawn Berserker)      Turns: 1224, Time: 00:07:38

Health: -7/37      AC:  7    Str: 18    XL:     4   Next: 64%
Magic:  4/4        EV: 11    Int:  9    God:    Trog [**....]
Gold:   64         SH:  0    Dex: 12    Spells: 0 memorised, 3 levels left

rFire  . . .     SeeInvis .     a - +0 mace
rCold  . . .     Gourm    .     j - +0 ring mail
rNeg   . . .     Faith    .     (no shield)
rPois  .         Spirit   .     (no helmet)
rElec  .         Reflect  .     (no cloak)
rCorr  .         Harm     .     (no gloves)
MR     .....                    (no boots)
Stlth  +.........               (no amulet)
                                (no ring)
                                (no ring)

@: very slightly contaminated, hasted and slowed
A: claws 1, icy blue scales 1, demonic guardian 1
a: Berserk, Trog's Hand, Burn Spellbooks, Renounce Religion


You were on level 2 of the Dungeon.
You worshipped Trog.
Trog was pleased with you.
You were not hungry.

You visited 1 branch of the dungeon, and saw 2 of its levels.

You collected 64 gold pieces.

Inventory:

Hand Weapons
 a - a +0 mace (weapon)
Armour
 b - a +0 animal skin
 j - a +0 ring mail (worn)
 l - a +3 leather armour
Jewellery
 g - an uncursed ring of wizardry {unknown}
 m - an uncursed amulet of harm {unknown}
Scrolls
 d - 2 scrolls of identify {unknown}
 h - a scroll of fear {unknown}
 i - 2 scrolls of teleportation {unknown}
 n - a scroll of remove curse {unknown}


   Skills:
 + Level 3.9 Fighting
 + Level 3.9 Maces & Flails
 + Level 2.1 Armour
 + Level 2.2 Dodging


You had 3 spell levels left.
You didn't know any spells.

Dungeon Overview and Level Annotations

Branches:
Dungeon (2/15)

Altars:
Nemelex Xobeh
Xom
Zin

Annotations:
D:2 Natasha


Innate Abilities, Weirdness & Mutations

You have sharp fingernails.
You are partially covered in icy blue scales. (AC +2)
A weak demonic guardian rushes to your aid.


Message History

Your quasit misses the shadow imp. The white imp gestures at you.
The puff of frost hits you!
* * * LOW HITPOINT WARNING * * *
Natasha casts a spell at you. You resist with some effort.
The crimson imp blinks!
As you read the scroll labeled VYKHLUTHRAGUI, it crumbles to dust.
The creatures around you are filled with an inner flame!
It was a scroll of immolation.
Your quasit barely misses the shadow imp.
Your quasit claws the shadow imp but does no damage.
Your quasit claws the shadow imp.
The white imp closely misses you. Natasha barely misses you.
As you read the scroll labeled TONUKAO HIBU, it crumbles to dust.
You feel aware of your surroundings.
It was a scroll of magic mapping.
Your quasit bites the shadow imp.
Your quasit claws the shadow imp.
The shadow imp dies!
The white imp gestures at you. The puff of frost hits you!
You die...

# #.##*###....,*****,*,**** #
#.#*,,.....,,,...#.#..,,*
#.#*,,.....,,,#......##.,
##.#*,,,...,,,,#....(...,,
#..#*,,,...,,,,#....(.#**,
#.##****#5######......# **
#####.# #.....>.......# # #.....#
##h#****#......#
####.###.######.@######......#
...............5.....###...######
.######..#####..###..............
.####...###.....##.....(.........
..#>..####..###.#................
#...####...## #.#.........###.###
#......รท.### #..................
#.#...#### ####...........######.
#...#....###....#.[.......# #.


You could see Natasha (inner flame), a white imp and a friendly quasit.

Vanquished Creatures
  Jessica (D:2)
  Natasha (twice) (D:2)
  An adder (D:2)
  4 bats
  2 giant cockroaches (D:2)
  4 hobgoblins
  5 kobolds
  A frilled lizard (D:2)
  5 goblins (D:1)
  4 rats (D:1)
29 creatures vanquished.

Vanquished Creatures (collateral kills)
  A kobold (D:2)
1 creature vanquished.

Grand Total: 30 creatures vanquished

Notes
Turn   | Place    | Note
-------+----------+-------------------------------------------
     0 | D:1      | tricornhat the Demonspawn Berserker began the quest for the Orb.
     0 | D:1      | Reached XP level 1. HP: 18/18 MP: 1/1
     3 | D:1      | Noticed an electric eel
   134 | D:1      | Gained mutation: You are partially covered in icy blue scales. (AC +2) [demonic ancestry]
   134 | D:1      | Reached XP level 2. HP: 11/24 MP: 2/2
   855 | D:2      | Noticed Jessica
   862 | D:2      | Killed Jessica
   862 | D:2      | Gained mutation: You have sharp fingernails. [demonic ancestry]
   862 | D:2      | Reached XP level 3. HP: 29/29 MP: 3/3
   904 | D:2      | Noticed an angel
   904 | D:2      | Found a shimmering altar of Xom.
   906 | D:2      | Found a glowing silver altar of Zin.
   917 | D:2      | Found a sparkling altar of Nemelex Xobeh.
  1025 | D:2      | Found a faded altar of an unknown god.
  1086 | D:2      | Noticed Natasha
  1097 | D:2      | Killed Natasha
  1097 | D:2      | Reached ** piety under Trog
  1097 | D:2      | Gained mutation: A weak demonic guardian rushes to your aid. [demonic ancestry]
  1097 | D:2      | Reached XP level 4. HP: 17/37 MP: 4/4
  1158 | D:2      | Noticed Natasha
  1163 | D:2      | Killed Natasha
  1206 | D:2      | Noticed Natasha
  1222 | D:2      | HP: 1/37 [white imp/puff of frost[Natasha] (1)]
  1224 | D:2      | Killed from afar by a white imp

Skill      XL: |  1  2  3 |
---------------+----------+-----
Maces & Flails | 3 |  3.9
Dodging        | 2 |  2.2
Armour         | 2 |  2.1
Fighting       | |  3.9

Action                   |  1- 3 |  4- 6 || total
-------------------------+-------+-------++-------
Melee: Mace              |    82 |    14 ||    96
  Use: Scroll            |       |     2 ||     2
       Potion            |       |     1 ||     1
  Eat: Bread ration      |       |     1 ||     1
Armor: Animal skin       |    10 |       ||    10
       Ring mail         |    20 |     2 ||    22
Dodge: Dodged            |    68 |    10 ||    78
